Map: [ESL] Crimson Court

Players

Jieshi

  • Race: Protoss Protoss
  • Spawn Location: 1:00

Coffee - Winner!

  • Race: Terran Terran
  • Spawn Location: 7:00

Event: ESL SC2 Masters 2024 Spring (Regional)

VOD

Have the link to the VOD?

Description

Time

  • Played on: April 27, 2024, 6:28 a.m.
  • Length: 6:54

All games in this series

Show
View Real Time Build Order
Export as new Build Order

Jieshi Protoss 

Build Orders: 1 Gate Expand, Blink Stalkers 

Get SALT Encoding   

  12  0:00  Probe  
  13  0:13  Probe  
  14  0:18  Pylon  
  14  0:25  Probe (Chrono Boost)  
  15  0:36  Gateway  
  15  0:37  Probe (Chrono Boost)  
  16  0:44  Probe (Chrono Boost)  
  16  0:46  Assimilator  
  17  0:51  Probe  
  18  1:04  Probe  
  19  1:16  Probe  
  20  1:23  Cybernetics Core  
  20  1:30  Nexus  
  20  1:36  Pylon  
  20  1:40  Probe  
  20  1:45  Assimilator  
  21  1:52  Probe  
  22  1:56  Adept (Chrono Boost)  
  22  1:59  Warp Gate  
  24  2:04  Probe  
  25  2:16  Probe  
  25  2:17  Twilight Council  
  26  2:23  Stalker (Chrono Boost)  
  26  2:29  Probe  
  29  2:43  Probe (Chrono Boost)  
  31  2:45  Probe (Chrono Boost)  
  31  2:47  Gateway  
  31  2:52  Probe (Chrono Boost)  
  31  2:54  Blink (Chrono Boost)  
  31  2:55  Probe (Chrono Boost)  
  33  3:00  Probe  
  33  3:05  Probe  
  35  3:12  Probe  
  36  3:17  Probe, Robotics Facility  
  37  3:24  Probe  
  38  3:29  Probe  
  39  3:36  Probe  
  38  3:44  Probe  
  38  3:47  Stalker  
  38  3:48  Probe  
  42  3:49  Nexus  
  42  3:50  Stalker  
  42  3:54  Pylon  
  44  3:58  Probe  
  44  4:00  Probe  
  46  4:08  Pylon  
  46  4:12  Observer (Chrono Boost), Shield Battery  
  48  4:17  Gateway  
  48  4:18  Gateway  
  48  4:19  Probe x2  
  48  4:24  Stalker  
  51  4:25  Observer (Chrono Boost)  
  51  4:28  Stalker  
  51  4:31  Probe x2  
  55  4:34  Assimilator  
  56  4:38  Pylon  
  56  4:43  Probe  
  56  4:44  Probe  
  58  4:51  Charge (Chrono Boost)  
  58  4:55  Forge  
  58  4:56  Probe x2, Pylon  
  60  5:10  Gateway  
  60  5:11  Probe (Chrono Boost)  
  60  5:13  Gateway  
  63  5:15  Immortal (Chrono Boost)  
  63  5:18  Probe (Chrono Boost)  
  63  5:20  Probe (Chrono Boost)  
  66  5:23  Stalker  
  66  5:25  Stalker  
  66  5:27  Stalker  
  72  5:34  Stalker  
  67  5:51  Stalker  
  67  5:52  Zealot  
  67  5:53  Probe x2  
  50  6:00  Zealot  
  46  6:04  Zealot  
  46  6:08  Zealot  
  46  6:09  Probe  
  48  6:11  Observer  
  48  6:15  Zealot, Templar Archives  
  48  6:18  Zealot  
  52  6:21  Probe, Zealot  
  55  6:28  Assimilator  
  55  6:29  Probe  
  55  6:31  Zealot  
  55  6:32  Assimilator, Zealot  
  60  6:33  Probe  
  51  6:41  Probe, Zealot x2  
  51  6:44  Zealot  
Show
View Real Time Build Order
Export as new Build Order

Coffee Terran - Winner!

Build Orders: Cyclone Opening, Reaper Expand 

Get SALT Encoding   

  12  0:00  SCV  
  13  0:12  SCV  
  14  0:16  Supply Depot  
  14  0:24  SCV  
  15  0:38  SCV  
  15  0:39  Barracks  
  16  0:43  Refinery  
  16  0:50  SCV  
  17  1:02  SCV  
  18  1:14  SCV  
  19  1:27  Reaper, Orbital Command  
  20  1:39  Command Center  
  20  1:46  Supply Depot  
  20  1:53  SCV  
  21  1:58  Marine  
  22  2:05  SCV  
  22  2:07  Factory  
  23  2:16  Marine  
  23  2:17  SCV  
  25  2:23  Barracks  
  25  2:28  Refinery  
  25  2:29  SCV  
  25  2:34  Marine  
  26  2:41  SCV  
  27  2:50  Cyclone  
  27  2:51  Orbital Command  
  29  2:53  Barracks Reactor  
  29  2:58  SCV  
  29  3:04  Barracks  
  30  3:11  Barracks Tech Lab  
  30  3:12  SCV  
  31  3:16  SCV  
  32  3:22  Factory Tech Lab  
  32  3:29  Stimpack  
  32  3:31  Marine x2  
  32  3:32  Marine  
  35  3:35  SCV x2, Supply Depot  
  37  3:42  Siege Tank  
  37  3:47  SCV x2  
  42  3:50  Marine x2  
  42  3:52  Barracks Tech Lab, Marine  
  45  3:58  Supply Depot  
  45  4:00  SCV x2  
  47  4:06  Supply Depot  
  47  4:08  Marine x2  
  49  4:10  Marine x2  
  49  4:13  Combat Shield  
  51  4:20  SCV x2  
  51  4:23  Siege Tank  
  56  4:28  Marine x4  
  60  4:33  Supply Depot  
  60  4:34  SCV  
  60  4:36  SCV  
  62  4:41  Engineering Bay  
  62  4:46  Marine x3  
  62  4:50  SCV  
  62  4:51  Supply Depot  
  65  4:54  Marine  
  65  4:58  Siege Tank  
  69  5:04  SCV x2  
  71  5:12  Marine x4  
  75  5:18  SCV x2  
  76  5:26  Concussive Shells  
  76  5:30  SCV, Marine x2  
  76  5:31  Marauder  
  76  5:32  Marauder  
  70  5:52  Marine, Marauder  
  70  5:54  Marauder  
  67  5:59  Marine  
  67  6:01  Siege Tank  
  67  6:02  SCV x2  
  71  6:09  Starport, Refinery  
  71  6:10  Marine  
  72  6:14  SCV x2  
  72  6:15  Marine x2  
  76  6:26  SCV x2  
  76  6:30  Marine x2  
  79  6:33  Marine x2  
  79  6:38  SCV x2  
Tags
 
Add a new tag
Caveats
  • Supply blocks, unpowered buildings, or Contaminate may cause inaccurate times.
  • Supply counts are checked every 10 seconds.